 Dungeon Crawl Stone Soup version 0.32-a0-612-g1c984fe9d1 (webtiles) character file.

Game seed: 14433294915025368631

289 cforsyth the Grave Robber (level 6, -3/51 HPs)
             Began as a Mountain Dwarf Necromancer on Mar 4, 2024.
             Slain by a kobold brigand
             ... wielding a +0 dagger
              (4 damage)
             ... in a sewer.
             The game lasted 00:06:29 (3092 turns).

cforsyth the Grave Robber (MDNe)                    Turns: 3092, Time: 00:06:29

Health: -3/51      AC:  5    Str: 13    XL:     6   Next: 9%
Magic:  8/8        EV: 11    Int: 15    God:
Gold:   105        SH:  0    Dex: 10    Spells: 7/8 levels left

rFire   . . .        c - +1 hand axe (elec)
rCold   . . .        (no shield)
rNeg    . . .        l - +0 leather armour
rPois   .            (no helmet)
rElec   .            k - +1 cloak
rCorr   .            (no gloves)
SInv    .            (no boots)
Will    .....        (no amulet)
Stlth   +            (no ring)
HPRegen 0.28/turn    (no ring)
MPRegen 0.11/turn

%: no passive effects
@: weak-willed, slowed, very slow
A: runic magic, artefact enchanting
a: no special abilities


You were in a sewer.
You visited 1 branch of the dungeon, and saw 3 of its levels.
You also visited: Sewer.

You collected 105 gold pieces.


Innate Abilities, Weirdness & Mutations

Your spellcasting is much less encumbered by armour.
You can use scrolls of enchantment on lesser artefacts.


   Skills:
 + Level 3.2 Fighting
 + Level 3.2 Axes
 + Level 3.0 Armour
 - Level 1.3 Dodging
 - Level 1.4 Stealth
 - Level 1.7 Spellcasting
 + Level 5.6 Necromancy


You had 7 spell levels left.
You knew the following spells:

 Your Spells              Type           Power      Damage    Failure   Level
X - Necrotise             Necr           72%        1d7       2%          1

Your spell library contained the following spells:

 Spells                   Type           Power      Damage    Failure   Level
 Vampiric Draining        Necr           18%        2d7       7%          3
 Animate Dead             Necr           18%        N/A       24%         4
 Curse of Agony           Necr           18%        N/A       54%         5
 Hailstorm                Conj/Ice       1%         3d5       56%         3
 Summon Ice Beast         Ice/Summ       1%         N/A       56%         3
 Sculpt Simulacrum        Ice/Alch       0%         N/A       100%        6

Inventory:

Hand Weapons
 c - a +1 hand axe of electrocution (weapon)
Armour
 a - a +0 robe
 k - a +1 cloak (worn)
 l - a +0 leather armour (worn)
Potions
 b - a potion of magic

Dungeon Overview and Level Annotations

Branches:
Dungeon (3/15)              Sewer (1/1)

Altars:
Xom

##~ ▒~▒.~~...
#..▒▒▒▒▒▒▒▒▒~▒..~.~~
#.PP~.▒~▒~~▒~▒†....~
#.PP.~▒~▒.~..P~.~~~.
#PP...▒~▒~~...~K...~
#P...~▒~▒.)..).~~.~~
#.~~.▒)▒~...▒~▒#.~~
#...~~K.~.##▒~▒ #~
#.~~~.@#### ~▒
##..~..## ▒ #~~..~.#
#P~.▒▒▒▒▒▒▒
#...~~~~~~~
#...▒▒▒▒▒▒▒
#..÷.....~###
##...∩∩.P~PP#
#≈≈....▒~▒PP


You could see a kobold brigand (weak-willed).


Message History

Unknown command.
You closely miss the kobold brigand.
The kobold brigand hits you with a +0 dagger.
* * * LOW HITPOINT WARNING * * *
The kobold brigand hits you but does no damage.
Unknown command.
Unknown command.
You closely miss the kobold brigand.
The kobold brigand hits you with a +0 dagger.
* * * LOW HITPOINT WARNING * * *
The kobold brigand hits you with a +0 dagger.
* * * LOW HITPOINT WARNING * * *
Unknown command.
Unknown command.
Unknown command.
Unknown command.
Okay, then.
As you read the scroll labelled JOUT FIMIEWI, it crumbles to dust.
A wave of despondency washes over your surroundings.
It was a scroll of vulnerability.
The kobold brigand hits you with a +0 dagger.
* * * LOW HITPOINT WARNING * * *
Unknown command.
Unknown command.
You aren't carrying any items that you can evoke.
Unknown command.
You closely miss the kobold brigand.
The kobold brigand hits you but does no damage.
The kobold brigand hits you with a +0 dagger.
You die...

Skill      XL: |  1  2  3  4  5  6 |
---------------+-------------------+-----
Fighting       | 1 2 3 |  3.2
Axes           | 1 2 3 |  3.2
Armour         | 1 2 3 |  3.0
Necromancy     | 5 |  5.6
Dodging        | |  1.3
Stealth        | |  1.4
Spellcasting   | |  1.7

Action                     |  1- 3 |  4- 6 || total
---------------------------+-------+-------++-------
  Melee: Hand axe          |    33 |    39 ||    72
   Cast: Necrotise         |    67 |    34 ||   101
    Use: Scroll            |     6 |     2 ||     8
         Potion            |       |     2 ||     2
 Armour: Robe              |    38 |       ||    38
         Leather armour    |    11 |    56 ||    67
  Dodge: Dodged            |    25 |    35 ||    60

Levels and vault maps discovered:
D:1:      lemuel_arrival_funnel, layout_loops_ring
D:2:      layout_basic, shapermc_ecumenical_altar_acropolis,
          kennysheep_cluttered_room, minmay_misc_feat_hallway, feat_on_display
D:3:      layout_loops_ring, mainiacjoe_overflow_tiny_flanked,
          portal_sewer_entry_f
Sewer:    sewer_co_scattered_pipes

Notes
Turn   | Place    | Note
-------+----------+-------------------------------------------
     0 | D:1      | cforsyth the Mountain Dwarf Necromancer began the quest for
                  | the Orb.
     0 | D:1      | Reached XP level 1. HP: 14/14 MP: 3/3
   235 | D:1      | Reached skill level 1 in Fighting
   468 | D:1      | Reached XP level 2. HP: 23/23 MP: 1/4
  1477 | D:2      | Found a faded altar of an unknown god.
  1482 | D:2      | Reached skill level 1 in Axes
  1482 | D:2      | Reached skill level 1 in Armour
  1528 | D:2      | Reached XP level 3. HP: 22/28 MP: 1/5
  2452 | D:3      | Reached skill level 2 in Fighting
  2452 | D:3      | Reached skill level 5 in Necromancy
  2452 | D:3      | Reached XP level 4. HP: 14/36 MP: 0/6
  2501 | D:3      | Noticed a scorpion
  2508 | D:3      | Killed a scorpion
  2509 | D:3      | Reached skill level 2 in Axes
  2509 | D:3      | Reached skill level 2 in Armour
  2509 | D:3      | Reached XP level 5. HP: 10/42 MP: 4/7
  2600 | D:3      | Found a shimmering altar of Xom.
  2666 | D:3      | Found a glowing drain.
  2728 | Sewer    | Entered a sewer
  2979 | Sewer    | Reached skill level 3 in Fighting
  2979 | Sewer    | Reached skill level 3 in Axes
  2979 | Sewer    | Reached XP level 6. HP: 49/51 MP: 0/8
  3007 | Sewer    | Reached skill level 3 in Armour
  3086 | Sewer    | Identified a scroll of acquirement
  3086 | Sewer    | Acquired a +5 war axe of freezing
  3090 | Sewer    | HP: 5/51 [kobold brigand/+0 dagger (1)]
  3091 | Sewer    | HP: 1/51 [kobold brigand/+0 dagger (5)]
  3092 | Sewer    | Slain by a kobold brigand

Vanquished Creatures
  A kobold brigand (Sewer)
  A scorpion (D:3)
  An orc wizard (D:3)
  6 adders
  A river rat (Sewer)
  2 ribbon worms (D:2)
  2 orcs
  3 bats
  2 endoplasms (D:2)
  4 giant cockroaches
  8 goblins
  3 hobgoblins
  5 jackals
  3 kobolds
  4 quokkas
  7 ball pythons
  4 frilled lizards
  6 rats
63 creatures vanquished.

Vanquished Creatures (collateral kills)
  An orc (D:3)
  A goblin (D:3)
  2 rats (Sewer)
4 creatures vanquished.

Grand Total: 67 creatures vanquished

Table legend: (Time is in decaauts)
 A = Elapsed time spent in this place.
 B = Non-inter-level travel time spent in this place.
 C = Inter-level travel time spent in this place.
 D = Time resting spent in this place.
 E = Time spent auto-exploring this place.
 F = Levels seen in this place.
 G = Mean time per level.
                   A        B        C        D        E       F      G
               +--------+--------+--------+--------+--------+-----+--------+
         Total |   3128 |   3029 |     99 |    327 |   1974 |   4 |  782.0 |
       Dungeon |   2746 |   2647 |     99 |    208 |   1831 |   3 |  915.3 |
         Sewer |    381 |    381 |      0 |    119 |    142 |   1 |  381.0 |
               +--------+--------+--------+--------+--------+-----+--------+

Top non-repeatable levels by time:
     D:1: 1234 daAuts
     D:2: 1227 daAuts
   Sewer: 381 daAuts
     D:3: 285 daAuts

Table legend:
 A = Non-vault XP
 B = Vault XP
 C = Vault XP percentage of total XP
 D = Non-vault monster count
 E = Vault monster count
 F = Vault count percentage of total count
                 A         B        C        D         E       F
            +---------+---------+-------+---------+---------+-------
      Total |     244 |     170 |  41.1 |      48 |      19 |  28.4
            +---------+---------+-------+---------+---------+-------
        D:1 |      26 |       0 |   0.0 |      16 |       0 |   0.0
        D:2 |      56 |       0 |   0.0 |      22 |       0 |   0.0
        D:3 |     162 |      12 |   6.9 |      10 |       6 |  37.5
      Sewer |       0 |     158 | 100.0 |       0 |      13 | 100.0
            +---------+---------+-------+---------+---------+-------
